 Dungeon Crawl Stone Soup version 0.29.0 (webtiles) character file.

Game seed: 10606800898463269477

49 smazza the Insei (level 3, 0/26 HPs)
             Began as a Merfolk Transmuter on Sept 1, 2022.
             Slain by Terence
             ... wielding a +0 falchion
              (11 damage)
             ... on level 2 of the Dungeon.
             The game lasted 00:04:22 (1780 turns).

smazza the Insei (Merfolk Transmuter)               Turns: 1780, Time: 00:04:23

Health: 0/26       AC:  2    Str: 10    XL:     3   Next: 75%
Magic:  1/6        EV: 20    Int: 14    God:
Gold:   76         SH:  0    Dex: 19    Spells: 0/6 levels left

rFire   . . .      SeeInvis .     - Unarmed
rCold   . . .      Faith    .   (shield currently unavailable)
rNeg    . . .      Spirit   .   (body armour currently unavailable)
rPois   x          Reflect  .   (helmet currently unavailable)
rElec   .          Harm     .   (cloak currently unavailable)
rCorr   .          Rampage  .   (gloves currently unavailable)
Will    .....                   (boots currently unavailable)
Stlth   ++........              (no amulet)
HPRegen 0.08/turn               (no ring)
MPRegen 0.10/turn               (no ring)

@: spider-form
A: venomous fangs, tiny, (nimble swimmer 2), (mertail)
a: End Transformation


You were on level 2 of the Dungeon.
You were a venomous arachnid creature.
You visited 1 branch of the dungeon, and saw 2 of its levels.

You collected 76 gold pieces.

Inventory:

Hand Weapons
 c - a +0 short sword
Armour
 a - a +0 robe (melded)
 g - a +0 pair of gloves (melded)
Scrolls
 d - a scroll of noise {unknown}
 e - a scroll of immolation {unknown}
 f - a scroll of identify {unknown}
Potions
 b - a potion of lignification
 h - 2 potions of curing


   Skills:
 - Level 1.1 Fighting
 - Level 2.6 Dodging
 * Level 4.0 Unarmed Combat
 + Level 2.3 Spellcasting
 * Level 3.7 Transmutations
 * Level 1.0 Poison Magic


You couldn't memorise any spells.
You knew the following spells:

 Your Spells              Type           Power      Damage    Failure   Level
a - Beastly Appendage     Tmut           24%        N/A       14%         1
b - Wereblood             Tmut           12%        N/A       21%         2
c - Spider Form           Tmut/Pois      8%         N/A       47%         3

Your spell library contained the following spells:

 Spells                   Type           Power      Damage    Failure   Level
 Poisonous Vapours        Pois/Air       6%         N/A       50%         2
 Ice Form                 Ice/Tmut       6%         N/A       87%         4
 Corpse Rot               Necr/Pois/Air  2%         N/A       97%         4


Dungeon Overview and Level Annotations

Branches:
Dungeon (2/15)

Altars:

Annotations:
D:2 Terence


Innate Abilities, Weirdness & Mutations

You are a venomous arachnid creature.
You have poisonous fangs.
You are tiny and dextrous.
Your spellcasting is less reliable in this form.
Your armour is entirely melded.
You are incapable of wielding weapons or throwing items.
((You are very nimble when in or above water. (Stealth+, EV+, Speed+++)))
((Your lower body shifts to a powerful aquatic tail in water.))


Message History

The ball python is moderately wounded.
You kill the ball python!
Your Poison Magic skill increases to level 1!
Terence completely misses you.
You hit Terence.
Terence is poisoned.
Terence is moderately wounded.
You hit Terence.
Terence looks even sicker.
Terence is heavily wounded.
Terence misses you.
You hit Terence but do no damage.
Terence is heavily wounded.
Terence closely misses you.
You barely miss Terence.
Terence is heavily wounded.
Terence closely misses you. Terence attacks as you move away!
Terence closely misses you.
Terence drinks a potion.
Terence is healed!
Terence looks more healthy.
Your transformation has ended.
Your +0 pair of gloves unmelds from your body.
Your +0 robe unmelds from your body.
Terence hits you with a +0 falchion.
Casting: Spider Form (extremely dangerous; 26% risk of failure)
Confirm with . or Enter, or press ? or * to list all spells.
The spell is extremely dangerous to miscast (26% risk of failure)!
Continue anyway?
You turn into a venomous arachnid creature.
Your +0 pair of gloves melds into your body.
Your +0 robe melds into your body.
Terence closely misses you.
You hit Terence but do no damage.
Terence is lightly wounded.
Terence hits you with a +0 falchion.
You hit Terence.
Terence is moderately wounded.
Terence misses you.
You barely miss Terence.
Terence is moderately wounded.
Terence hits you with a +0 falchion.
You barely miss Terence.
Terence is moderately wounded.
Terence hits you with a +0 falchion!
You die...

##..#.........+..................
#.............# ..........#.#.###
..#................#.............
.###.#####.......................
..#........#.#.## ##....##....#.
#...#.###..#.... ......##..#.#.
##.#### ##.######......[....#.
#...#.###..#....................[
..#............@s.............###
.###.#######.#.#............### #
..#)###### .#.....#.#.#....#
#....#...# #.#.#.#.#.#.#.##.
##.#.....# #.#.?.#........
#.####...# #.#.......#.#.# ###
#...# #.#.####....# #...###.###
#....# ####...##....# #.<..#


You could see Terence.

Vanquished Creatures
  An adder (D:2)
  3 dart slugs (D:1)
  3 ball pythons
  4 bats
  An endoplasm (D:2)
  2 giant cockroaches (D:1)
  3 goblins
  A hobgoblin (D:1)
  4 jackals (D:1)
  2 quokkas (D:2)
  2 frilled lizards (D:1)
  2 kobolds (D:1)
  4 rats (D:1)
32 creatures vanquished.

Vanquished Creatures (others)
  56 plants (D:1)
56 creatures vanquished.

Grand Total: 88 creatures vanquished

Notes
Turn   | Place    | Note
-------+----------+-------------------------------------------
     0 | D:1      | smazza the Merfolk Transmuter began the quest for the Orb.
     0 | D:1      | Reached XP level 1. HP: 15/15 MP: 3/3
   224 | D:1      | Reached XP level 2. HP: 15/21 MP: 3/5
   596 | D:1      | Reached XP level 3. HP: 20/26 MP: 4/6
   601 | D:1      | Learned a level 2 spell: Wereblood
   605 | D:1      | Learned a level 3 spell: Spider Form
  1575 | D:2      | Reached skill level 4 in Unarmed Combat
  1760 | D:2      | Noticed Terence
  1768 | D:2      | Reached skill level 1 in Poison Magic
  1780 | D:2      | Slain by Terence

Illustrated notes

Levels and vault maps discovered:
D:1:      roderic_crop_circles_arrival_small, layout_loops_cross, minivault_27,
          minmay_tree_intersection
D:2:      layout_basic, hellmonk_ecumenical_altar_inner_sanctum,
          kennysheep_doodads, glass_columns_c, uniq_terence

Skill      XL: |  1  2  3 |
---------------+----------+-----
Transmutations | 3 |  3.7
Unarmed Combat | 4 |  4.0
Poison Magic   | 1 |  1.0
Fighting       | |  1.1
Dodging        | |  2.6
Spellcasting   | |  2.3

Action                   || total
-------------------------++-------
Melee: Unarmed           ||   109
       Headbutt          ||    11
       Punch             ||     3
 Cast: Beastly Appendage ||    17
       Spider Form       ||     2
 Stab: Sleeping          ||     1
Armor: Robe              ||    22
Dodge: Dodged            ||    76
